 Dungeon Crawl Stone Soup version 0.26.1-2-gb8aa6d0cf2 (webtiles) character file.

Game seed: 14567176721157065911

834 growler the Gusty (level 7, -4/36 HPs)
             Began as a Tengu Air Elementalist on Mar 1, 2021.
             Was an Initiate of Gozag.
             Killed by divine providence
             ... invoked by an orc priest
              (11 damage)
             ... on level 5 of the Dungeon.
             The game lasted 00:15:17 (6139 turns).

growler the Gusty (Tengu Air Elementalist)          Turns: 6139, Time: 00:15:18

Health: -4/36      AC:  6    Str:  8    XL:     7   Next: 98%
Magic:  2/15       EV: 15    Int: 18    God:    Gozag
Gold:   178        SH:  0    Dex: 14    Spells: 0/15 levels left

rFire    . . .     SeeInvis .   x - +2 dagger (venom)
rCold    . . .     Faith    .   (no shield)
rNeg     . . .     Spirit   .   a - +0 robe
rPois    +         Reflect  .   (helmet restricted)
rElec    .         Harm     .   (no cloak)
rCorr    .         Rampage  .   (no gloves)
Will     .....                  (boots unavailable)
Stlth    ++........             (no amulet)
HPRegen  0.12/turn              r - +4 ring of protection
MPRegen  0.14/turn              s - ring of poison resistance

@: flying quickly and evasively, quick
A: beak, talons 3, able to fly
a: Stop Flying, Renounce Religion, Potion Petition, Call Merchant, Bribe Branch


You were on level 5 of the Dungeon.
You worshipped Gozag.
Gozag was aware of your devotion.
You visited 2 branches of the dungeon, and saw 6 of its levels.

You collected 318 gold pieces.
You paid 140 gold pieces to Gozag.

Inventory:

Hand Weapons
 t - a +0 vorpal mace
   (You took it off an orc on level 3 of the Dungeon)
 x - a +2 dagger of venom (weapon)
   (You took it off a goblin on level 4 of the Dungeon)
Armour
 a - a +0 robe (worn)
Jewellery
 r - a +4 ring of protection (left hand)
   (You took it off an orc on level 3 of the Dungeon)
 s - a ring of poison resistance (right hand)
   (You took it off an orc on level 3 of the Dungeon)
 u - an uncursed ring of resist corrosion
   (You found it on level 4 of the Dungeon)
Scrolls
 b - 3 scrolls of enchant weapon {unknown}
 d - 5 scrolls of identify {unknown}
 e - a scroll of remove curse {unknown}
 g - a scroll of amnesia {unknown}
 h - a scroll of fear {unknown}
 i - a scroll of blinking {unknown}
 k - a scroll of magic mapping {unknown}
 m - a scroll of enchant armour {unknown}
 n - a scroll of fog {unknown}
 q - 3 scrolls of teleportation {unknown}
Potions
 c - a potion of invisibility {unknown}
 f - a potion of brilliance {unknown}
 j - a potion of heal wounds {unknown}
 l - a potion of haste {unknown}
 o - a potion of curing {@q1}
 p - a potion of resistance {unknown}
 v - a potion of might {unknown}
 w - 2 potions of lignification {unknown}


   Skills:
 - Level 2.1 Dodging
 - Level 2.0 Stealth
 + Level 4.9 Spellcasting
 + Level 6.5 Conjurations
 + Level 7.7 Air Magic


You couldn't memorise any spells.
You knew the following spells:

 Your Spells              Type           Power        Failure   Level
a - Shock                 Conj/Air       100%         1%          1
b - Airstrike             Air            16%          5%          4
c - Lightning Bolt        Conj/Air       15%          21%         5
d - Static Discharge      Conj/Air       30%          2%          3
s - Swiftness             Air            32%          1%          2

Your spell library contained the following spells:

 Spells                   Type           Power        Failure   Level
 Beastly Appendage        Tmut           8%           14%         1
 Wereblood                Tmut           4%           21%         2
 Spider Form              Tmut/Pois      2%           38%         3
 Ice Form                 Ice/Tmut       4%           80%         4
 Blade Hands              Tmut           2%           98%         5


Dungeon Overview and Level Annotations

Branches:
Dungeon (5/15)             Temple (1/1) D:5

Altars:
Ashenzari
Cheibriados
Dithmenos
Elyvilon
Fedhas
Gozag
Hepliaklqana
Kikubaaqudgha
Makhleb
Nemelex Xobeh
Okawaru
Qazlal
Ru
Sif Muna
Trog
Uskayaw
Vehumet
Wu Jian
Xom
Yredelemnul
Zin


Innate Abilities, Weirdness & Mutations

You have a beak for a mouth.
You have claws for feet.
You can fly continuously.


Message History

Your kick misses the orc.
The orc becomes distracted by the nearby gold, dreaming of imaginary riches.
The orc shouts!
You hit the orc.
You kill the orc!
An orc priest comes into view. It is wielding a +0 dagger.
An orc priest comes into view. It is wielding a +0 mace.
You see here 7 gold pieces.
The spell is quite dangerous to cast (6% risk of failure)!
Continue anyway?
Aim: an orc priest, wielding a +0 dagger The air twists around and strikes the orc priest!
You kill the orc priest!
The spell is quite dangerous to cast (5% risk of failure)!
Continue anyway?
Aim: an orc priest, wielding a +0 mace You miscast Airstrike.
You are very lightly contaminated with residual magic.
Nothing appears to happen.
You don't have enough magic to cast that spell.
Unknown command.
Things that are here:
10 gold pieces; a +0 mace; a +0 leather armour The orc priest looks braver for a moment.
Your magical contamination has completely faded away.
There is a staircase to the Ecumenical Temple here.
Found a spear.
Found a fizzy green potion.
A howler monkey comes into view.
The orc priest looks encouraged for a moment.
The howler monkey howls!
The orc priest begins to cast a cantrip, but forgets the words!
The orc priest invokes the aid of Beogh against you.
Beogh smites you!
* * * LOW HITPOINT WARNING * * *
The spell is quite dangerous to cast (5% risk of failure)!
Continue anyway?
Aim: an orc priest, wielding a +0 mace You miscast Airstrike.
You are very lightly contaminated with residual magic.
Nothing appears to happen.
The howler monkey hoots and howls with incredible vigour!
You hear a shout! x2; You hear a bark!
The orc priest completely misses you.
Your magical contamination has completely faded away.
The orc priest invokes the aid of Beogh against you.
Beogh smites you!
* * * LOW HITPOINT WARNING * * *
There is a stone staircase leading up here.
The orc priest calls down the wrath of Beogh upon you.
Beogh smites you!
You die...
Your body crumbles into a pile of gold.

............#.....#.#### .#.
.......o...............##...
.......$$..#.#.#.#.#.#......
..$....$$...................
........$....#.......#......
..........#......)..........
.........##..#...>...#......
.##.....##.....oh.........).
##.......@.#.......#......
#........................
#.........#.#.#.#.#.....!
#....#...................
....#...........######## ###
#.........### #.........#
#.........# #.........#


You could see a howler monkey and an orc priest.

Vanquished Creatures
  2 ogres
  2 scorpions (D:5)
  A howler monkey (D:4)
  A hound (D:4)
  A bullfrog skeleton (D:4)
  2 orc priests
  Jessica (D:2)
  A worker ant (D:4)
  3 orc wizards
  Robin (D:4)
  3 gnolls (D:4)
  7 adders
  An adder zombie (D:3)
  2 worms
  3 dart slugs
  4 leopard geckos
  21 orcs
  4 bats
  5 giant cockroaches
  21 goblins
  9 hobgoblins
  21 jackals
  9 kobolds
  A quokka (D:3)
  2 ball pythons
  5 frilled lizards
  A jackal skeleton (D:3)
  2 jackal zombies (D:3)
  A quokka skeleton (D:3)
  8 rats
145 creatures vanquished.

Vanquished Creatures (others)
  29 plants (D:3)
  4 withered plants (D:3)
33 creatures vanquished.

Grand Total: 178 creatures vanquished

Notes
Turn   | Place    | Note
-------+----------+-------------------------------------------
     0 | D:1      | growler the Tengu Air Elementalist began the quest for the
                  | Orb.
     0 | D:1      | Reached XP level 1. HP: 10/10 MP: 4/4
    71 | D:1      | Reached XP level 2. HP: 6/15 MP: 3/6
   518 | D:1      | Reached XP level 3. HP: 15/19 MP: 2/7
   903 | D:1      | Learned a level 2 spell: Swiftness
   907 | D:1      | Learned a level 3 spell: Static Discharge
  1364 | D:2      | Reached XP level 4. HP: 24/24 MP: 3/9
  1532 | D:2      | Reached skill level 5 in Air Magic
  1986 | D:2      | Noticed Jessica
  1992 | D:2      | Killed Jessica
  1993 | D:2      | Gained mutation: You can fly continuously. [Tengu growth]
  1993 | D:2      | Reached XP level 5. HP: 28/28 MP: 4/10
  2124 | D:2      | Found a snail-covered altar of Cheibriados.
  2127 | D:2      | Found a broken altar of Ashenzari.
  2360 | D:2      | Found an ornate altar of the Wu Jian Council.
  2363 | D:2      | Found a hide-covered altar of Uskayaw.
  3441 | D:3      | Learned a level 4 spell: Airstrike
  3658 | D:4      | Found a snail-covered altar of Cheibriados.
  3671 | D:3      | Reached XP level 6. HP: 24/32 MP: 3/12
  3746 | D:4      | Reached skill level 6 in Air Magic
  4063 | D:4      | Reached skill level 5 in Conjurations
  4454 | D:4      | Reached XP level 7. HP: 24/36 MP: 14/14
  5196 | D:4      | Noticed Robin
  5202 | D:4      | Reached skill level 7 in Air Magic
  5227 | D:4      | Killed Robin
  5626 | D:5      | Entered Level 5 of the Dungeon
  5626 | D:5      | Found a staircase to the Ecumenical Temple.
  5646 | Temple   | Entered the Ecumenical Temple
  6038 | Temple   | Learned a level 5 spell: Lightning Bolt
  6050 | Temple   | Became a worshipper of Gozag Ym Sagoz the Greedy
  6139 | D:5      | Killed from afar by an orc priest

Illustrated notes

Levels and vault maps discovered:
D:1:      wander_arrival_lonely_grave, layout_basic, minivault_25
D:2:      layout_loops_ring, nicolae_overflow_hidden_temple, uniq_jessica
D:3:      layout_rooms, serial_undead, serial_undead_b, serial_undead_f,
          serial_undead_c, serial_undead_d, serial_undead_d, serial_undead_f,
          minmay_misc_feat_tower, serial_bayou_lagoon_a
D:4:      kennysheep_goblin_castle, layout_loops_ring, kennysheep_slug_shrine
D:5:      layout_rooms, minmay_temple_entry_glass, nrook_campfire,
          kennysheep_dice
Temple:   minmay_crystal_spiral_temple

Skill      XL: |  1  2  3  4  5  6  7 |
---------------+----------------------+-----
Conjurations   | 2 3 4 5 6 |  6.5
Air Magic      | 5 6 7 |  7.7
Spellcasting   | 3 4 |  4.9
Dodging        | |  2.1
Stealth        | |  2.0

Action                   |  1- 3 |  4- 6 |  7- 9 || total
-------------------------+-------+-------+-------++-------
Melee: Unarmed           |    20 |    29 |       ||    49
       Peck              |     3 |     5 |     5 ||    13
       Kick              |     2 |    17 |     5 ||    24
       Mace              |       |    20 |    15 ||    35
       Dagger            |       |       |    15 ||    15
 Cast: Shock             |    69 |   113 |     4 ||   186
       Static Discharge  |       |     7 |     9 ||    16
       Airstrike         |       |     3 |    11 ||    14
 Abil: Fly               |       |     1 |       ||     1
  Use: Potion            |       |       |     1 ||     1
 Stab: Distracted        |       |       |     1 ||     1
Armor: Robe              |     9 |    10 |    24 ||    43
Dodge: Dodged            |    31 |    64 |    50 ||   145
